 Dungeon Crawl Stone Soup version 0.26.0-20-g3ca415f5b8 (webtiles) character file.

Game seed: 1171727103981579289

2039 thiole the Magician (level 9, -2/60 HPs)
             Began as an Octopode Hedge Wizard on Jan 25, 2021.
             Killed from afar by Dowan (7 damage)
             ... with a shard of ice
             ... on level 6 of the Dungeon.
             The game lasted 00:22:01 (9260 turns).

thiole the Magician (Octopode Hedge Wizard)         Turns: 9260, Time: 00:22:01

Health: -2/60      AC:  1    Str:  9    XL:     9   Next: 24%
Magic:  19/19      EV: 14    Int: 19    God:
Gold:   285        SH:  5    Dex: 12    Spells: 12/21 levels left

rFire    . . .     SeeInvis .   c - +7 flail (holy)
rCold    . . .     Faith    .   l - +0 buckler
rNeg     . . .     Spirit   .   b - +0 hat
rPois    +         Reflect  .   d - amulet of regeneration
rElec    .         Harm     .   q - ring of wizardry
rCorr    .         Rampage  .   r - ring of poison resistance
Will     .....                  (no ring)
Stlth    ++++......             (no ring)
HPRegen  0.60/turn              (no ring)
MPRegen  0.16/turn              (no ring)
                                (no ring)
                                (no ring)

@: mighty, attractive
A: almost no armour, stealthy swim, amphibious, 8 rings, constrict 8, camouflage
1, gelatinous body 1
a: no special abilities


You were on level 6 of the Dungeon.
You visited 2 branches of the dungeon, and saw 7 of its levels.

You collected 285 gold pieces.

Inventory:

Hand Weapons
 a - a +0 dagger
 c - a +7 flail of holy wrath (weapon)
Missiles
 g - 14 poisoned darts (quivered)
Armour
 b - a +0 hat (worn)
 l - a +0 buckler (worn)
Jewellery
 d - an amulet of regeneration (around mantle)
 e - an uncursed amulet of faith {unknown}
 j - an uncursed ring of see invisible {unknown}
 q - a ring of wizardry (left tentacle)
 r - a ring of poison resistance (right tentacle)
Wands
 f - a wand of random effects (27)
Scrolls
 i - 2 scrolls of teleportation {unknown}
 m - a scroll of enchant armour {unknown}
 n - a scroll of amnesia {unknown}
 o - a scroll of remove curse
 p - a scroll of fog
 s - 2 scrolls of identify
Potions
 h - a potion of attraction
 t - a potion of invisibility {unknown}


   Skills:
 * Level 4.9 Fighting
 + Level 4.0 Dodging
 - Level 5.0 Stealth
 - Level 4.0 Shields
 - Level 6.9 Spellcasting
 - Level 2.0 Conjurations
 - Level 2.0 Summonings
 - Level 1.0 Translocations
 - Level 2.0 Fire Magic
 + Level 3.1 Air Magic
 - Level 2.0 Poison Magic


You had 12 spell levels left.
You knew the following spells:

 Your Spells              Type           Power        Failure   Level
a - Magic Dart            Conj           56%          1%          1
b - Call Imp              Summ           14%          2%          2
c - Conjure Flame         Conj/Fire      14%          6%          3
d - Mephitic Cloud        Conj/Pois/Air  15%          4%          3

Your spell library contained the following spells:

 Spells                   Type           Power        Failure   Level
 Blink                    Tloc           N/A          4%          2
 Slow                     Hex            6%           6%          2


Dungeon Overview and Level Annotations

Branches:
Dungeon (6/15)             Temple (1/1) D:4

Altars:
Ashenzari
Cheibriados
Dithmenos
Fedhas
Makhleb
Qazlal
Sif Muna
Trog
Uskayaw
Vehumet
Wu Jian
Xom
Yredelemnul

Annotations:
D:6 Dowan


Innate Abilities, Weirdness & Mutations

You cannot wear most types of armour.
You are very stealthy in the water. (Stealth+)
You are amphibious.
You can wear up to eight rings at the same time.
You can use your tentacles to constrict eight enemies at once.
Your skin changes colour to match your surroundings (Stealth+).
Your rubbery body absorbs attacks. (AC +1, EV +1)


Message History

Dowan mumbles some strange words.
Dowan blinks free!
Something hits you.
* * * LOW HITPOINT WARNING * * *
Something shocks you.
* * * LOW HITPOINT WARNING * * *
It was a potion of attraction.
You feel attractive to monsters. Dowan is pulled toward you!
Something is pulled toward you!
It was a potion of might.
You feel very mighty all of a sudden. Something is pulled toward you!
You barely miss Dowan. Your grab misses Dowan. Your squeeze misses Dowan.
Dowan is almost dead.
Dowan barely misses you. Dowan misses you. Something is pulled toward you!
You barely miss Dowan. Your grab misses Dowan.
Dowan is almost dead.
Dowan gestures at you while chanting. The shard of ice hits you!
You die...

### #......## .... #.##
##.......### ..... ...###
#..........# .(...
...#.#####........## .(...
......##..[........## .(.#
...#..#)............#####(..#.#
..##..#..#.........###..).....#
......)).#.........##.)..####
................@>.#...).e..#
#...............e......#.#...e#
#....#....#..........(#### .!..
#....#...##........##..# ...
...###...#......#......# ##
.....#...##..........[.?#
.........#................
........................#..
..........##.#..............


You could see Dowan (fast).

Vanquished Creatures
  Grinder (D:3)
  Eustachio (D:4)
  Edmund (D:4)
  Duvessa (D:6)
  An orc warrior (D:6)
  A phantom (D:4)
  An ogre (D:4)
  A sky beast (D:6)
  A scorpion (D:5)
  4 wights (D:6)
  A howler monkey (D:3)
  2 quasits
  3 hounds
  4 orc priests
  Natasha (twice) (D:4)
  8 orc wizards
  4 worker ants
  3 gnolls (D:6)
  7 adders
  An ooze (D:1)
  2 worms
  3 dart slugs
  2 leopard geckos
  23 orcs
  A ball python (D:1)
  5 bats
  5 giant cockroaches
  13 goblins
  8 hobgoblins
  16 jackals
  9 kobolds
  7 quokkas
  3 frilled lizards
  3 rats
148 creatures vanquished.

Vanquished Creatures (collateral kills)
  Natasha (D:4)
1 creature vanquished.

Grand Total: 149 creatures vanquished

Notes
Turn   | Place    | Note
-------+----------+-------------------------------------------
     0 | D:1      | thiole the Octopode Hedge Wizard began the quest for the
                  | Orb.
     0 | D:1      | Reached XP level 1. HP: 11/11 MP: 4/4
   300 | D:1      | Reached XP level 2. HP: 10/17 MP: 1/6
  1213 | D:1      | Reached XP level 3. HP: 21/21 MP: 5/7
  1712 | D:1      | Learned a level 2 spell: Call Imp
  1716 | D:1      | Learned a level 3 spell: Conjure Flame
  2158 | D:2      | Found a faded altar of an unknown god.
  2560 | D:2      | Reached XP level 4. HP: 10/27 MP: 1/9
  3730 | D:3      | Reached skill level 1 in Shields
  4128 | D:3      | Reached XP level 5. HP: 31/31 MP: 3/10
  4185 | D:3      | Noticed Grinder
  4354 | D:3      | Found a snail-covered altar of Cheibriados.
  4364 | D:3      | Reached skill level 1 in Fire Magic
  4468 | D:4      | Noticed Edmund
  4648 | D:4      | Noticed a phantom
  4809 | D:4      | Reached XP level 6. HP: 29/36 MP: 11/11
  4894 | D:4      | Reached skill level 4 in Spellcasting
  4924 | D:4      | Reached skill level 5 in Stealth
  5191 | D:4      | Found a staircase to the Ecumenical Temple.
  5234 | Temple   | Entered the Ecumenical Temple
  5394 | D:4      | Noticed Natasha
  5407 | D:4      | Killed Natasha
  5540 | D:4      | Noticed Natasha
  5552 | D:4      | Killed Natasha
  5776 | D:4      | Reached XP level 7. HP: 41/41 MP: 13/13
  6260 | D:4      | Noticed Natasha
  6277 | D:4      | Killed Natasha
  6449 | D:4      | Killed Edmund
  6450 | D:4      | Reached skill level 5 in Spellcasting
  6530 | D:4      | Noticed Eustachio
  6594 | D:4      | Killed Eustachio
  6595 | D:4      | Reached skill level 6 in Spellcasting
  6595 | D:4      | Reached XP level 8. HP: 22/46 MP: 15/17
  6791 | D:4      | Found a burning altar of Makhleb.
  7146 | D:5      | Entered Level 5 of the Dungeon
  7355 | D:5      | Found a radiant altar of Vehumet.
  7365 | D:5      | Reached skill level 1 in Fighting
  7385 | D:5      | Learned a level 3 spell: Mephitic Cloud
  7690 | D:5      | Found a bloodstained altar of Trog.
  7791 | D:5      | Found a hide-covered altar of Uskayaw.
  8246 | D:3      | Killed Grinder
  8247 | D:3      | Reached skill level 1 in Air Magic
  8247 | D:3      | Reached skill level 1 in Poison Magic
  9052 | D:6      | Reached XP level 9. HP: 58/58 MP: 3/19
  9234 | D:6      | Noticed Duvessa
  9247 | D:6      | Noticed Dowan
  9252 | D:6      | Killed Duvessa
  9256 | D:6      | HP: 2/60 [something (6)]
  9260 | D:6      | Killed from afar by Dowan

Illustrated notes

Levels and vault maps discovered:
D:1:      elethiomel_arrival_infinity_welcomes_careful_drivers, layout_basic,
          minmay_pentomino_o2
D:2:      layout_basic, chequers_ecumenical_altar_simple_redux
D:3:      layout_loops_cross, cheibriados_altar_1, minmay_goblin_outpost,
          uniq_grinder
D:4:      layout_loops_cross, minmay_temple_entry_crystal_x, bloody_makhleb,
          uniq_natasha, uniq_edmund, uniq_eustachio
D:5:      layout_basic, vehumet_crystals, lightli_temple_of_fire,
          serial_corexii_hall, corexii_hall_statues_x,
          chequers_hall_statues_wall_a, corexii_hall_statues_u,
          corexii_hall_statues_x, corexii_hall_statues_i,
          corexii_hall_statues_l, basic_altar
D:6:      layout_cave_pools, hellmonk_ghost_happy_afterlife,
          chequers_serial_rivers_micro_a, uniq_duvessa
Temple:   eino_wide_crystal_templ

Skill      XL: |  1  2  3  4  5  6  7  8  9 |
---------------+----------------------------+-----
Stealth        | 3 4 5 |  5.0
Conjurations   | 2 |  2.0
Summonings     | 2 |  2.0
Shields        | 1 2 3 4 |  4.0
Fire Magic     | 1 2 |  2.0
Spellcasting   | 4 6 |  6.9
Fighting       | 4 |  4.9
Air Magic      | 2 3 |  3.1
Poison Magic   | 2 |  2.0
Dodging        | 3 4 |  4.0
Translocations | |  1.0

Action                   |  1- 3 |  4- 6 |  7- 9 || total
-------------------------+-------+-------+-------++-------
Melee: Dagger            |    40 |    70 |    26 ||   136
       Constrict         |    10 |    15 |    36 ||    61
       Tentacles         |     3 |    16 |    25 ||    44
       Flail             |       |       |   111 ||   111
Throw: Dart              |       |    40 |   105 ||   145
 Cast: Magic Dart        |    93 |    90 |    52 ||   235
       Conjure Flame     |       |     2 |     2 ||     4
       Call Imp          |       |       |    14 ||    14
       Mephitic Cloud    |       |       |     1 ||     1
  Use: Scroll            |       |     1 |     7 ||     8
       Potion            |       |     2 |     4 ||     6
 Stab: Sleeping          |       |       |     2 ||     2
Armor: Skin              |     5 |     7 |     7 ||    19
Dodge: Dodged            |    38 |    62 |   117 ||   217
Block: Buckler           |     1 |     8 |    32 ||    41
